 Dungeon Sprint DCSS version 0.30.1-11-g7821555f0a (webtiles) character file.

Game seed: 107766890741197104

501 Groucho the Thaumaturge (level 6, -12/35 HPs)
             Began as a Deep Elf Earth Elementalist on Jan 3, 2024.
             Was an Elder of Sif Muna.
             Mangled by Urug
             ... wielding a +5 war axe
              (32 damage)
             ... in the Dungeon (Sprint VII: "The Pits").
             The game lasted 00:03:21 (1970 turns).

Groucho the Thaumaturge (DEEE)                      Turns: 1970, Time: 00:03:21

Health: -12/35     AC:  2    Str:  5    XL:     6   Next: 95%
Magic:  9/21       EV: 13    Int: 22    God:    Sif Muna [****..]
Gold:   0          SH:  0    Dex: 15    Spells: 21/25 levels left

rFire   . . .        m - +1 dagger (venom)
rCold   . . .        (no shield)
rNeg    . . .        a - +0 robe
rPois   .            (no helmet)
rElec   .            (no cloak)
rCorr   .            (no gloves)
SInv    .            (no boots)
Will    .....        (no amulet)
Stlth   ++++         (no ring)
HPRegen 0.25/turn    (no ring)
MPRegen 0.17/turn

%: no teleportation
@: no status effects
A: no striking features
a: Renounce Religion, Channel Magic, Forget Spell, Divine Exegesis


You were in the Dungeon.
You worshipped Sif Muna.
Sif Muna was greatly pleased with you.
You visited 1 branch

Inventory:

Hand Weapons
 h - a +2 dagger
 m - a +1 dagger of venom (weapon)
Armour
 a - a +0 robe (worn)
 l - a +3 ring mail
Scrolls
 g - a scroll of blinking
 j - 5 scrolls of amnesia
 k - a scroll of butterflies
Potions
 b - 5 potions of magic
 c - 6 potions of curing
 d - 5 potions of heal wounds
 e - a potion of haste
 f - 3 potions of berserk rage
 i - 2 potions of invisibility


   Skills:
 - Level 2.0 Fighting
 - Level 5.0 Short Blades
 - Level 3.0 Dodging
 + Level 8.3 Stealth
 - Level 10.0 Spellcasting
 + Level 5.7 Conjurations
 - Level 1.1 Transmutations
 + Level 9.5 Earth Magic


You had 21 spell levels left.
You knew the following spells:

 Your Spells              Type           Power      Damage    Failure   Level
a - Sandblast             Erth           100%       2d20      1%          1
b - Stone Arrow           Conj/Erth      88%        3d12      1%          3

Your spell library contained the following spells:

 Spells                   Type           Power      Damage    Failure   Level
 Passwall                 Tmut/Erth      28%        N/A       1%          2
 Petrify                  Tmut/Erth      34%        N/A       7%          4


Dungeon Overview and Level Annotations

Branches:
Dungeon (1/1)

Altars:
Ashenzari
Cheibriados
Dithmenos
Elyvilon
Fedhas
Gozag
Hepliaklqana
Kikubaaqudgha
Makhleb
Nemelex Xobeh
Okawaru
Qazlal
Ru
Sif Muna
Trog
Uskayaw
Vehumet
Wu Jian
Xom
Yredelemnul
Zin
The Shining One
Jiyva
Lugonu

Annotations:
D Urug


Message History

Magic restored.
You open the door.
Urug the Orcish Ballista comes into view.
She is wielding a +5 war axe and wearing a +1 scale mail of fire resistance.
Casting: Stone Arrow (safe; 1% risk of failure)
Confirm with . or Enter, or press ? or * to list all spells.
Aiming: Stone Arrow (safe; 1% risk of failure)
Press: ? - help, Shift-Dir - straight line, f - Urug
Aim: Urug, wielding a +5 war axe, wearing a +1 scale mail of fire resistance and quivering javelins (asleep, 100% to hit)
The stone arrow hits Urug!
Urug is lightly wounded.
Urug shouts!
Unknown command.
Casting: Stone Arrow (safe; 1% risk of failure)
Confirm with . or Enter, or press ? or * to list all spells.
Aiming: Stone Arrow (safe; 1% risk of failure)
Press: ? - help, Shift-Dir - straight line, f/p - Urug
Aim: Urug, wielding a +5 war axe, wearing a +1 scale mail of fire resistance and quivering javelins (lightly wounded, 70% to hit)
The stone arrow hits Urug!
Urug is moderately wounded.
Urug hits you with a +5 war axe.
Casting: Stone Arrow (safe; 1% risk of failure)
Confirm with . or Enter, or press ? or * to list all spells.
Aiming: Stone Arrow (safe; 1% risk of failure)
Press: ? - help, Shift-Dir - straight line, f/p - Urug
Aim: Urug, wielding a +5 war axe, wearing a +1 scale mail of fire resistance and quivering javelins (moderately wounded, 70% to hit)
The stone arrow misses Urug.
Urug hits you with a +5 war axe!!
Ouch! That really hurt!
Unknown command.
Unknown command.
You feel much better. Urug hits you with a +5 war axe!
Casting: Stone Arrow (safe; 1% risk of failure)
Confirm with . or Enter, or press ? or * to list all spells.
Aiming: Stone Arrow (safe; 1% risk of failure)
Press: ? - help, Shift-Dir - straight line, f/p - Urug
Aim: Urug, wielding a +5 war axe, wearing a +1 scale mail of fire resistance and quivering javelins (moderately wounded, 70% to hit)
The stone arrow hits Urug!
Urug is heavily wounded.
Urug hits you with a +5 war axe!!
Ouch! That really hurt!
You die...

#.#........##.......#
#'###########.......#
#.......# #########
#.......# #...#...#
#..###..#+#
#...#...#.+
#.......#o#
#.......@.#
###########


You could see Urug.

Vanquished Creatures
  A fire bat (D)
  A floating eye (D)
  A phantom (D)
  A kobold brigand (D)
  A scorpion (D)
  An iron imp (D)
  A gnoll (D)
  A white imp (D)
  An adder zombie (D)
  A bat skeleton (D)
  An endoplasm (D)
  A giant cockroach (D)
  A kobold (D)
  A quokka (D)
  2 rats (D)
16 creatures vanquished.

Notes
Turn   | Place    | Note
-------+----------+-------------------------------------------
     0 | D        | Groucho the Deep Elf Earth Elementalist began the quest for
                  | the Orb.
     0 | D        | Reached XP level 1. HP: 10/10 MP: 6/6
    10 | D        | Noticed a floating eye
    14 | D        | Killed a floating eye
    15 | D        | Reached skill level 5 in Stealth
    15 | D        | Reached skill level 6 in Spellcasting
    15 | D        | Reached skill level 5 in Earth Magic
    15 | D        | Reached XP level 2. HP: 17/17 MP: 3/11
    15 | D        | Reached XP level 3. HP: 21/21 MP: 3/12
    15 | D        | Reached XP level 4. HP: 26/26 MP: 3/14
   308 | D        | Found a glowing golden altar of the Shining One.
   308 | D        | Found a glowing silver altar of Zin.
   308 | D        | Found a basalt altar of Yredelemnul.
   308 | D        | Found a shimmering altar of Xom.
   308 | D        | Found an ornate altar of the Wu Jian Council.
   308 | D        | Found a bloodstained altar of Trog.
   308 | D        | Found a shimmering blue altar of Sif Muna.
   308 | D        | Found a sacrificial altar of Ru.
   308 | D        | Found a stormy altar of Qazlal.
   308 | D        | Found an iron altar of Okawaru.
   308 | D        | Found a sparkling altar of Nemelex Xobeh.
   308 | D        | Found a burning altar of Makhleb.
   308 | D        | Found a viscous altar of Jiyva.
   308 | D        | Found a hazy altar of Hepliaklqana.
   308 | D        | Found an opulent altar of Gozag.
   308 | D        | Found a blossoming altar of Fedhas.
   308 | D        | Found a white marble altar of Elyvilon.
   308 | D        | Found a shadowy altar of Dithmenos.
   308 | D        | Found a snail-covered altar of Cheibriados.
   309 | D        | Found a radiant altar of Vehumet.
   309 | D        | Found a corrupted altar of Lugonu.
   310 | D        | Found an ancient bone altar of Kikubaaqudgha.
   310 | D        | Found a hide-covered altar of Uskayaw.
   310 | D        | Found a broken altar of Ashenzari.
   311 | D        | Became a worshipper of Sif Muna the Loreminder
   528 | D        | Noticed a scorpion
   530 | D        | Killed a scorpion
   531 | D        | Reached skill level 5 in Short Blades
   531 | D        | Reached skill level 7 in Spellcasting
   531 | D        | Reached XP level 5. HP: 30/30 MP: 12/16
   531 | D        | Reached * piety under Sif Muna
   536 | D        | Learned a level 3 spell: Stone Arrow
   947 | D        | Reached ** piety under Sif Muna
   950 | D        | Reached skill level 1 in Conjurations
  1322 | D        | Noticed a phantom
  1326 | D        | Killed a phantom
  1327 | D        | Reached skill level 8 in Spellcasting
  1633 | D        | Reached skill level 9 in Spellcasting
  1633 | D        | Reached XP level 6. HP: 31/35 MP: 13/20
  1633 | D        | Reached *** piety under Sif Muna
  1920 | D        | Noticed a fire bat
  1922 | D        | Killed a fire bat
  1923 | D        | Reached skill level 10 in Spellcasting
  1923 | D        | Reached skill level 5 in Conjurations
  1947 | D        | Reached **** piety under Sif Muna
  1965 | D        | Noticed Urug
  1970 | D        | Mangled by Urug

Illustrated notes

Levels and vault maps discovered:
D:        pitsprint [storerooms_1, entrance_room_1, metal_vault_4, armoury_1,
          mini_pit_1, grid_room_1, main_hall_1, silver_pit, the_coven_1,
          the_vestibule_1, steel_vault_3, golden_pit, hallway_of_sentries,
          crystal_vault_1, iron_vault_2, final_vault]

Skill      XL: |  1  2  3  4  5  6 |
---------------+-------------------+-----
Fighting       | 2 |  2.0
Short Blades   | 4 5 |  5.0
Dodging        | 3 |  3.0
Stealth        | 5 7 8 |  8.3
Spellcasting   | 6 7 9 10 | 10.0
Earth Magic    | 5 7 8 9 |  9.5
Conjurations   | 4 5 |  5.7
Transmutations | |  1.1

Action                     |  1- 3 |  4- 6 || total
---------------------------+-------+-------++-------
  Melee: Dagger            |       |     2 ||     2
   Cast: Sandblast         |     3 |     9 ||    12
         Stone Arrow       |       |    18 ||    18
    Use: Potion            |       |     1 ||     1
  Dodge: Dodged            |       |     3 ||     3
